 Dungeon Crawl Stone Soup version 0.29-a0-321-gf1c400731a (webtiles) character file.

Game seed: 13311496194408845452

1114 Rennog the Magician (level 7, -6/50 HPs)
             Began as a Demigod Hedge Wizard on Apr 3, 2022.
             Shot with an arrow by a centaur (8 damage)
             ... on level 6 of the Dungeon.
             The game lasted 00:18:48 (7822 turns).

Rennog the Magician (Demigod Hedge Wizard)          Turns: 7822, Time: 00:18:48

Health: -6/50      AC:  6    Str: 15    XL:     7   Next: 87%
Magic:  10/20      EV: 12    Int: 20    God:
Gold:   134        SH:  0    Dex: 13    Spells: 10/18 levels left

rFire   . . .      SeeInvis .   x - +3 morningstar
rCold   . . .      Faith    .   (no shield)
rNeg    + . .      Spirit   .   b - +0 robe
rPois   .          Reflect  .   c - +0 hat
rElec   .          Harm     .   (no cloak)
rCorr   .          Rampage  .   (no gloves)
Will    .....                   (no boots)
Stlth   ++........              (no amulet)
HPRegen 0.16/turn               u - ring "Locuschoad" {rN+ AC+4}
MPRegen 0.17/turn               (no ring)

@: very slightly contaminated
A: high MP 1, forlorn, divine attributes
a: no special abilities


You were on level 6 of the Dungeon.
You visited 1 branch of the dungeon, and saw 6 of its levels.

You collected 199 gold pieces.
You spent 65 gold pieces at shops.

Inventory:

Hand Weapons
 x - a +3 morningstar (weapon)
Missiles
 k - a throwing net
Armour
 b - a +0 robe (worn)
 c - a +0 hat (worn)
Jewellery
 u - the ring "Locuschoad" (left hand) {rN+ AC+4}
   (You found it on level 4 of the Dungeon)

   [ring of protection]

   AC:        It affects your AC (+4).
   rN:        It protects you from negative energy.
Scrolls
 f - 2 scrolls of teleportation
 i - 4 scrolls of blinking
 j - 2 scrolls of fear
 n - a scroll of amnesia
 q - a scroll of enchant weapon {unknown}
 r - a scroll of immolation {unknown}
 t - a scroll of fog {unknown}
 w - a scroll of identify
Potions
 d - a potion of magic
 e - a potion of brilliance {unknown}
 g - a potion of mutation {unknown}
 h - 4 potions of might
 l - a potion of attraction {unknown}
 m - 2 potions of curing
 o - a potion of heal wounds
 p - 3 potions of degeneration
 s - 2 potions of ambrosia {unknown}


   Skills:
 - Level 1.7 Dodging
 - Level 1.7 Stealth
 + Level 6.4 Spellcasting
 + Level 6.0 Conjurations
 - Level 0.8 Summonings
 - Level 0.8 Translocations


You had 10 spell levels left.
You knew the following spells:

 Your Spells              Type           Power      Damage    Failure   Level
a - Magic Dart            Conj           100%       1d8       1%          1
b - Blink                 Tloc           18%        N/A       11%         2
c - Call Imp              Summ           9%         N/A       11%         2
d - Mephitic Cloud        Conj/Pois/Air  14%        N/A       13%         3

Your spell library contained the following spells:

 Spells                   Type           Power      Damage    Failure   Level
 Conjure Flame            Conj/Fire      18%        6-21      9%          3
 Slow                     Hex            24%        N/A       10%         1


Dungeon Overview and Level Annotations

Branches:
Dungeon (6/15)             Temple (0/1) D:4

Shops:
D:3 !

Annotations:
D:3 3 runed translucent doors, Psyclone's ghost, amateur OpIE


Innate Abilities, Weirdness & Mutations

You have an increased reservoir of magic. (+10% MP)
You shall have no god before yourself.
Your divine heritage dramatically boosts your attributes as you level up.


Message History

Confirm with . or Enter, or press ? or * to list all spells.
Aiming: Magic Dart (safe; 1% risk of failure)
Press: ? - help, Shift-Dir - straight line, f - centaur
Aim: a centaur, wielding a +0 shortbow (100% to hit)
The magic dart hits the centaur!
The centaur is moderately wounded.
A hound comes into view.
Casting: Magic Dart (safe; 1% risk of failure)
Confirm with . or Enter, or press ? or * to list all spells.
Aiming: Magic Dart (safe; 1% risk of failure)
Press: ? - help, Shift-Dir - straight line, f/p - centaur
Aim: a centaur, wielding a +0 shortbow (moderately wounded, 100% to hit)
The magic dart hits the centaur but does no damage.
The centaur is moderately wounded.
The centaur shoots an arrow.
The arrow hits you!
The centaur shoots an arrow.
The arrow hits you!
Casting: Magic Dart (safe; 1% risk of failure)
Confirm with . or Enter, or press ? or * to list all spells.
Aiming: Mephitic Cloud (dangerous; 13% risk of failure)
Press: ? - help, Shift-Dir - straight line, p - centaur The ball explodes into a vile cloud!
The stinking cloud engulfs the centaur but does no damage.
The centaur is moderately wounded.
The centaur shoots an arrow.
The arrow hits you!
Unknown command.
The centaur shoots an arrow.
The arrow hits you.
* * * LOW HITPOINT WARNING * * *
The centaur shoots an arrow.
The arrow hits you.
* * * LOW HITPOINT WARNING * * *
A wight comes into view. It is wielding a +3 hand axe.
Things that are here:
a +0 dagger; a +0 war axe; a +0 robe The centaur shoots an arrow.
The arrow hits you!
* * * LOW HITPOINT WARNING * * *
Casting: Mephitic Cloud (dangerous; 13% risk of failure)
Confirm with . or Enter, or press ? or * to list all spells.
You miscast Blink.
You are very lightly contaminated with residual magic.
Nothing appears to happen.
The centaur shoots an arrow.
The arrow hits you!
You die...

?...... #.c:..
#.... #.○.#
#h..# #.# #.#
#)### ##.@)###
####....z.#
.......[.#.#
#####.#..#.####.
#.#.........
#.##...#.#..
#.##...#
#......###..≈
###.##.......≈.


You could see a centaur, a hound and a wight.

Vanquished Creatures
  A water moccasin (D:5)
  A kobold brigand (D:6)
  A bullfrog (D:6)
  2 wights (D:6)
  3 jellies
  A hound (D:4)
  3 iguanas
  An orc wizard (D:4)
  Robin (D:2)
  4 adders
  A shadow imp (D:4)
  2 worms (D:2)
  2 dart slugs
  4 orcs (D:4)
  11 endoplasms
  4 giant cockroaches
  16 goblins
  12 hobgoblins
  A jackal (D:5)
  10 kobolds
  4 quokkas
  9 ball pythons
  4 bats
  8 frilled lizards
  A rat (D:3)
107 creatures vanquished.

Vanquished Creatures (collateral kills)
  A water moccasin (D:4)
  2 ogres (D:5)
  2 jellies (D:3)
  An orc wizard (D:4)
  4 worms
  An orc (D:3)
  A goblin (D:2)
  A hobgoblin (D:4)
  A jackal (D:4)
  3 kobolds
  A quokka (D:3)
  A bat (D:2)
19 creatures vanquished.

Vanquished Creatures (others)
  2 fungi (D:3)
  6 toadstools (D:3)
8 creatures vanquished.

Grand Total: 134 creatures vanquished

Notes
Turn   | Place    | Note
-------+----------+-------------------------------------------
     0 | D:1      | Rennog the Demigod Hedge Wizard began the quest for the
                  | Orb.
     0 | D:1      | Reached XP level 1. HP: 14/14 MP: 6/6
     2 | D:1      | Noticed an electric eel
   612 | D:1      | Reached XP level 2. HP: 20/20 MP: 5/8
   727 | D:1      | Reached skill level 1 in Conjurations
  1268 | D:1      | Learned a level 2 spell: Blink
  1487 | D:2      | Reached XP level 3. HP: 18/26 MP: 0/10
  1711 | D:2      | Learned a level 2 spell: Call Imp
  2140 | D:2      | You fall into a shaft and drop 2 floors!
  2184 | D:4      | Reached XP level 4. HP: 30/33 MP: 3/13
  2587 | D:3      | Found Aclenn's Distillery.
  2590 | D:3      | Bought a potion of heal wounds for 65 gold pieces
  2705 | D:2      | Noticed Robin
  3660 | D:2      | Killed Robin
  3956 | D:3      | Noticed Psyclone's ghost (amateur OpIE)
  3957 | D:3      | Found a runed translucent gate.
  3958 | D:3      | Found a runed translucent gate.
  3958 | D:3      | Found a runed translucent gate.
  4236 | D:3      | Reached XP level 5. HP: 33/38 MP: 10/14
  5268 | D:4      | Found a staircase to the Ecumenical Temple.
  5450 | D:4      | Reached XP level 6. HP: 45/45 MP: 12/16
  5605 | D:4      | Identified the ring "Locuschoad" {rN+ AC+4}
  6156 | D:5      | Entered Level 5 of the Dungeon
  6156 | D:5      | Noticed a yak
  6156 | D:5      | Noticed a yak
  6156 | D:5      | Noticed a yak
  6157 | D:5      | Noticed a yak
  6304 | D:5      | Reached skill level 5 in Spellcasting
  6308 | D:5      | Learned a level 3 spell: Mephitic Cloud
  6352 | D:5      | Noticed a water moccasin
  6361 | D:5      | Noticed a water moccasin
  6778 | D:4      | Killed a water moccasin
  7126 | D:5      | Killed a water moccasin
  7127 | D:5      | Reached skill level 5 in Conjurations
  7127 | D:5      | Reached XP level 7. HP: 38/50 MP: 8/19
  7821 | D:6      | HP: 2/50 [centaur/arrow (9)]
  7822 | D:6      | Shot with an arrow by a centaur

Illustrated notes

Levels and vault maps discovered:
D:1:      arrival_aquarium_a, layout_basic
D:2:      layout_basic, basic_altar, minmay_circle_x, uniq_robin
D:3:      cheibrodos_fertilizer, layout_loops_ring, gammafunk_ghost_split,
          serial_shops, nicolae_shop_behind_doors,
          shapermc_ecumenical_altar_mp_urbaneastern, st_stairs_10
D:4:      layout_loops_ring, kennysheep_mini, mainiacjoe_overflow_alcove_1,
          minmay_temple_entry_junction, kennysheep_cross_bottleneck
D:5:      layout_basic, nicolae_hepliaklqana_hippocampus,
          hangedman_decor_growths
D:6:      layout_loops_cross, mainiacjoe_overflow_brackets, serial_shops, shop,
          nicolae_shop_bloodbath_and_beyond, shop, shop

Skill      XL: |  1  2  3  4  5  6  7 |
---------------+----------------------+-----
Spellcasting   | 3 4 5 6 |  6.4
Conjurations   | 1 2 3 5 6 |  6.0
Dodging        | |  1.7
Stealth        | |  1.7
Summonings     | |  0.8
Translocations | |  0.8

Action                   |  1- 3 |  4- 6 |  7- 9 || total
-------------------------+-------+-------+-------++-------
Melee: Dagger            |    23 |     1 |       ||    24
       War axe           |       |     8 |     3 ||    11
 Cast: Magic Dart        |   102 |   218 |    43 ||   363
       Call Imp          |     5 |    22 |     9 ||    36
       Blink             |       |     3 |       ||     3
       Mephitic Cloud    |       |     4 |     3 ||     7
  Use: Scroll            |       |     5 |       ||     5
       Potion            |       |     3 |       ||     3
Armor: Robe              |     8 |    20 |     1 ||    29
Dodge: Dodged            |    35 |    76 |     5 ||   116

Table legend: (Time is in decaauts)
 A = Elapsed time spent in this place.
 B = Non-inter-level travel time spent in this place.
 C = Inter-level travel time spent in this place.
 D = Time resting spent in this place.
 E = Time spent auto-exploring this place.
 F = Levels seen in this place.
 G = Mean time per level.
                   A        B        C        D        E       F      G
               +--------+--------+--------+--------+--------+-----+--------+
         Total |   7840 |   7291 |    549 |   1072 |   5161 |   6 | 1306.7 |
       Dungeon |   7840 |   7291 |    549 |   1072 |   5161 |   6 | 1306.7 |
               +--------+--------+--------+--------+--------+-----+--------+

Top non-repeatable levels by time:
     D:4: 2126 daAuts
     D:1: 1879 daAuts
     D:3: 1553 daAuts
     D:2: 1411 daAuts
     D:5: 672 daAuts
     D:6: 196 daAuts
